 Dungeon Crawl Stone Soup version 0.32-a0-350-g4f4d228785 (webtiles) character file.

Game seed: 9627477637658713636

1624530 seren the Executioner (level 27, 261/261 HPs)
             Began as a Mountain Dwarf Fighter on Feb 15, 2024.
             Was an Elder of Yredelemnul.
             Escaped with the Orb
             ... and 3 runes on Feb 17, 2024!
             The game lasted 05:37:15 (81630 turns).

seren the Executioner (Mountain Dwarf Fighter)     Turns: 81630, Time: 05:37:16

Health: 261/261    AC: 47    Str: 38    XL:     27
Magic:  39/39      EV: 17    Int: 16    God:    Yredelemnul [****..]
Gold:   7503       SH: 23    Dex: 13    Spells: 18/30 levels left

rFire   + + +        a - +5 broad axe of Howyar {flame, Int+6}
rCold   + + +        v - +1 tower shield of the Beginning {rElec rF+}
rNeg    + + +        p - +8 gold dragon scales
rPois   +            (helmet restricted)
rElec   +            U - +4 dragonskin cloak
rCorr   +            g - +2 pair of gloves of Terror {rC+}
SInv    +            Q - +2 pair of boots {rampage}
Will    +....        K - amulet "Ulir" {Spirit rF+} Stlth
                     m - ring of the Devil {rC- rN+ EV+5 Dex+3 SInv}
HPRegen 0.63/turn    z - ring "Iceb" {rC+ rN+++ Will- rCorr Str+5}
MPRegen 0.26/turn

%: guardian spirit, rampage
@: wreathed by umbra, studying Alchemy
A: runic magic, artefact enchanting, horns 2, cold resistance 1, strong 1, wild
magic 1
0: Orb of Zot
}: 3/15 runes: serpentine, barnacled, silver
a: Renounce Religion, Light the Black Torch, Recall Undead Harvest, Hurl
Torchlight, Bind Soul


You escaped.
You worshipped Yredelemnul.
Yredelemnul was extremely pleased with you.
You visited 12 branches of the dungeon, and saw 52 of its levels.
You visited 1 bazaar.
You also visited: Bailey.

You collected 12154 gold pieces.
You spent 4651 gold pieces at shops.

Inventory:

Hand Weapons
 a - the +5 broad axe of Howyar (weapon) {flame, Int+6}
   (You took it off a deep elf annihilator on level 3 of the Elven Halls)

   Int+6:     It affects your intelligence (+6).
 b - the +9 flail "Secret Weapon" {freeze, rPois rF+}
   (You took it off a deep elf demonologist on level 3 of the Elven Halls)

   rF+:       It protects you from fire.
   rPois:     It protects you from poison
 x - a +3 broad axe of electrocution
 L - a +9 antimagic whip
Missiles
 c - 15 curare-tipped darts (quivered)
 y - 4 atropa-tipped darts
 T - 8 throwing nets {!f}
Armour
 g - the +2 pair of gloves of Terror (worn) {rC+}
   (You found it on level 3 of the Elven Halls)

   rC+:       It protects you from cold.
 p - +8 gold dragon scales (worn)
 v - the +1 tower shield of the Beginning (worn) {rElec rF+}
   (You found it on level 5 of the Vaults)

   rF+:       It protects you from fire.
   rElec:     It insulates you from electricity.
 J - the +5 storm dragon scales "Meynot" {rElec Dex+3 Stlth+}
   (You bought it in a shop on level 2 of the Orcish Mines)

   Dex+3:     It affects your dexterity (+3).
   rElec:     It insulates you from electricity.
   Stlth+:    It makes you more stealthy.
 Q - a +2 pair of boots of rampaging (worn)
 U - the +4 dragonskin cloak (worn)
   (You took it off Tiamat on level 4 of the Realm of Zot)

   Avatar's Aegis: It grants the wearer a chance to resist fire, cold, poison,
   electricity, acid, and negative energy.
 X - a +2 helmet of intelligence
Jewellery
 d - a ring of willpower
 m - the ring of the Devil (left hand) {rC- rN+ EV+5 Dex+3 SInv}
   (You found it on level 3 of the Depths)

   [ring of evasion]

   EV+5:      It affects your evasion (+5).
   Dex+3:     It affects your dexterity (+3).
   rC-:       It makes you vulnerable to cold.
   rN+:       It protects you from negative energy.
   SInv:      It lets you see invisible.
 z - the ring "Iceb" (right hand) {rC+ rN+++ Will- rCorr Str+5}
   (You took it off a gnoll bouda on level 8 of the Dungeon)

   [ring of protection from cold]

   Str+5:     It affects your strength (+5).
   rC+:       It protects you from cold.
   rN+++:     It renders you almost immune to negative energy.
   Will-:     It decreases your willpower.
   rCorr:     It protects you from acid and corrosion.
 B - a ring of protection from fire
 K - the amulet "Ulir" (around neck) {Spirit rF+}
   (You found it on level 5 of the Lair of Beasts)

   [amulet of guardian spirit]

   Spirit:    It causes incoming damage to be divided between your reserves of
   health and magic.
   rF+:       It protects you from fire.
 O - a ring of flight
 P - the ring "Cukeps Ello" {rC+ Slay+5}
   (You found it on level 2 of the Realm of Zot)

   [ring of protection from cold]

   Slay+5:    It affects your accuracy & damage with ranged weapons and melee
   (+5).
   rC+:       It protects you from cold.
 Y - the amulet of Vitality {RegenMP++ Regen++}
   (You took it off a royal mummy on level 2 of the Crypt)

   [amulet of magic regeneration]

   RegenMP:   It increases your rate of magic regeneration.
   Regen++:   It increases your rate of health regeneration.
Wands
 i - a wand of mindburst (9)
 s - a wand of polymorph (32)
 w - a wand of roots (48)
 E - a wand of light (53)
 H - a wand of digging (8)
Scrolls
 f - 10 scrolls of teleportation {!r}
 h - 12 scrolls of fog
 k - 5 scrolls of blinking {!r}
 l - a scroll of brand weapon
 u - a scroll of revelation
 C - 11 scrolls of poison
 F - 2 scrolls of fear
 S - 10 scrolls of immolation
 W - a scroll of silence
Potions
 e - 13 potions of curing
 j - 3 potions of haste
 r - 3 potions of resistance
 t - 4 potions of mutation {!q}
 D - a potion of might
 I - 8 potions of heal wounds
 M - 3 potions of ambrosia
 N - 2 potions of enlightenment
 R - 4 potions of invisibility
 V - a potion of berserk rage
Miscellaneous
 n - the horn of Geryon
 o - a lightning rod (4/4)
 q - a phial of floods
 A - a condenser vane
 G - a phantom mirror


   Skills:
 + Level 24.0 Fighting
 + Level 26.6 Axes
 + Level 24.0 Armour
 + Level 10.3 Dodging
 + Level 23.0 Shields
 - Level 2.0 Spellcasting
 - Level 10.0 Necromancy
 - Level 24.0 Invocations
 + Level 14.7 Evocations


You had 18 spell levels left.
You knew the following spells:

 Your Spells              Type           Power      Damage    Failure   Level
a - Dispel Undead         Necr           43%        3d17      10%         4
b - Vampiric Draining     Necr           43%        2d9       3%          3
c - Sticky Flame          Fire/Alch      2%         2d4       99%         4
d - Apportation           Tloc           4%         N/A       45%         1

Your spell library contained the following spells:

 Spells                   Type           Power      Damage    Failure   Level
 Necrotise                Necr           100%       1d9       1%          1
 Kiss of Death            Conj/Necr      88%        2d12      8%          1
 Cigotuvi's Dreadful Rot  Necr/Alch/Air  30%        N/A       21%         2
 Curse of Agony           Necr           43%        N/A       24%         5
 Magic Dart               Conj           8%         1d3       45%         1
 Sandblast                Erth           4%         2d4       45%         1
 Shock                    Conj/Air       8%         1d3       45%         1
 Slow                     Hex            8%         N/A       45%         1
 Sting                    Conj/Alch      8%         1d3       45%         1
 Summon Small Mammal      Summ           8%         N/A       45%         1
 Martyr's Knell           Necr/Summ      22%        N/A       52%         4
 Blink                    Tloc           4%         N/A       58%         2
 Call Imp                 Summ           4%         N/A       58%         2
 Ensorcelled Hibernation  Hex/Ice        4%         N/A       58%         2
 Jinxbite                 Hex            4%         N/A       58%         2
 Lesser Beckoning         Tloc           4%         N/A       58%         2
 Mercury Vapours          Alch/Air       4%         N/A       58%         2
 Momentum Strike          Conj/Tloc      4%         3d8       58%         2
 Scorch                   Fire           4%         2d5       58%         2
 Static Discharge         Conj/Air       4%         3-4/arc   58%         2
 Call Canine Familiar     Summ           2%         N/A       80%         3
 Confusing Touch          Hex            2%         N/A       80%         3
 Dazzling Flash           Conj/Hex       4%         N/A       80%         3
 Frozen Ramparts          Ice            4%         1d1       80%         3
 Gell's Gravitas          Tloc           2%         N/A       80%         3
 Hailstorm                Conj/Ice       2%         3d5       80%         3
 Inner Flame              Hex/Fire       2%         N/A       80%         3
 Mephitic Cloud           Conj/Alch/Air  2%         N/A       80%         3
 Passwall                 Erth           2%         N/A       80%         3
 Sigil of Binding         Hex            2%         N/A       80%         3
 Stone Arrow              Conj/Erth      4%         3d7       80%         3
 Summon Ice Beast         Ice/Summ       2%         N/A       80%         3
 Swiftness                Air            2%         N/A       80%         3
 Teleport Other           Tloc           2%         N/A       80%         3
 Volatile Blastmotes      Fire/Tloc      4%         2d10      80%         3
 Airstrike                Air            1%         2d(1-17)  99%         4
 Animate Armour           Summ/Erth      4%         N/A       99%         4
 Brom's Barrelling Bould  Conj/Erth      2%         2d3       99%         4
 Cause Fear               Hex            1%         N/A       99%         4
 Dimensional Bullseye     Hex/Tloc       1%         N/A       99%         4
 Flame Wave               Conj/Fire      2%         2d4       99%         4
 Fulminant Prism          Conj/Alch      1%         3d5       99%         4
 Ignite Poison            Fire/Alch      2%         N/A       99%         4
 Iskenderun's Mystic Bla  Conj/Tloc      2%         2d3       99%         4
 Leda's Liquefaction      Alch/Erth      1%         N/A       99%         4
 Passage of Golubria      Tloc           2%         N/A       99%         4
 Petrify                  Alch/Erth      2%         N/A       99%         4
 Summon Blazeheart Golem  Fire/Summ      2%         N/A       99%         4
 Summon Lightning Spire   Summ/Air       2%         N/A       99%         4
 Vhi's Electric Charge    Tloc/Air       4%         N/A       99%         4
 Alistair's Intoxication  Alch           1%         N/A       100%        5
 Arcjolt                  Conj/Air       1%         1d11      100%        5
 Fireball                 Conj/Fire      1%         3d3       100%        5
 Freezing Cloud           Conj/Ice/Air   1%         6-21      100%        5
 Irradiate                Conj/Alch      1%         3d12      100%        5
 Lee's Rapid Deconstruct  Erth           1%         3d4*      100%        5
 Metabolic Englaciation   Hex/Ice        1%         N/A       100%        5
 Silence                  Hex/Air        1%         N/A       100%        5
 Summon Mana Viper        Hex/Summ       2%         N/A       100%        5
 Yara's Violent Unravell  Hex/Alch       1%         3d3       100%        5
 Dispersal                Tloc           1%         N/A       100%        6
 Plasma Beam              Fire/Air       1%         2x1d11    100%        6
 Sculpt Simulacrum        Ice/Alch       1%         N/A       100%        6
 Summon Cactus Giant      Summ           1%         N/A       100%        6
 Enfeeble                 Hex            1%         N/A       100%        7
 Monstrous Menagerie      Summ           1%         N/A       100%        7
 Ozocubu's Refrigeration  Ice            1%         4d7       100%        7
 Ignition                 Fire           1%         3d3       100%        8
 Infestation              Necr           21%        N/A       100%        8
 Lehudib's Crystal Spear  Conj/Erth      1%         10d2      100%        8
 Maxwell's Capacitive Co  Air            1%         ∞         100%        8
 Dragon's Call            Summ           1%         N/A       100%        9
 Shatter                  Erth           1%         3d5*      100%        9


Dungeon Overview and Level Annotations

Branches:
Dungeon (15/15)            Temple (1/1) D:5            Lair (5/5) D:10
 Shoals (4/4) Lair:2        Snake (4/4) Lair:3        Slime (0/5) Lair:5
    Orc (2/2) D:11            Elf (3/3) Orc:2        Vaults (5/5) D:14
  Crypt (3/3) Vaults:2       Tomb (0/3) Crypt:3      Depths (4/4) D:15
   Hell (visited)             Dis (0/7) Hell            Geh (0/7) Hell
    Coc (0/7) Hell            Tar (0/7) Hell            Zot (5/5) Depths:4
 Bailey (visited)

Altars:
Ashenzari
Cheibriados
Dithmenos
Elyvilon
Fedhas
Gozag
Hepliaklqana
Kikubaaqudgha
Makhleb
Nemelex Xobeh
Okawaru
Qazlal
Ru
Sif Muna
Trog
Uskayaw
Vehumet
Wu Jian
Xom
Yredelemnul
Zin
The Shining One
Beogh
Jiyva

Shops:
D:8 [   Orc:1 *   Orc:2 [[[*=   Shoals:1 *   Shoals:3 [   Vaults:1 =
Depths:1 :=:(   Depths:3 [

Portals:
Hell: Depths:1 Depths:2 Depths:3
Abyss: Depths:3
Pandemonium: Depths:2
Ziggurat: Depths:3
Trove: Vaults:2 (give 12 potions of heal wounds)

Annotations:
D:12 exclusion: oklob plant
Lair:2 exclusion: lindwurm


Innate Abilities, Weirdness & Mutations

Your spellcasting is much less encumbered by armour.
You can use scrolls of enchantment on lesser artefacts.
You have a pair of horns on your head.
Your flesh is cold resistant. (rC+)
Your muscles are strong. (Str +4, Int/Dex -1)
Your spells are a little harder to cast, but a little more powerful.


Message History

Your bound Executioner hits the Hell Sentinel!
Your bound Executioner hits the Hell Sentinel but does no damage. x5
The Hell Sentinel gestures at your bound Executioner.
The iron shot hits your bound Executioner!!!
Your bound Executioner is destroyed!
The Hell Sentinel roars!
You barely miss the Hell Sentinel.
The Hell Sentinel is severely wounded.
You slice the Hell Sentinel!!
The Hell Sentinel is almost dead.
You block the Hell Sentinel's attack. The Hell Sentinel closely misses you.
You slice the Hell Sentinel!!
You kill the Hell Sentinel!
With your torch unlit, their soul goes wasted...
You slice the Orb Guardian!! You burn the Orb Guardian!
A black mist starts to gather...
You block the Orb Guardian's attack.
The Orb Guardian attacks as it pursues you!
The Orb Guardian hits you but does no damage. x2
There is a stone staircase leading up, spattered with blood here.
The Orb Guardian hits you but does no damage.
You climb upwards.
Your mindless puppet stays behind to rot.
There is a stone staircase leading down here.
You chop the Orb Guardian into pieces!!!
You burn the Orb Guardian!
You kill the Orb Guardian!
With your torch unlit, their soul goes wasted...
The dead are walking!
No target in view!
There is an open door here.
There is a staircase leading out of the dungeon here.
You feel extremely strange.
You no longer become unable to read scrolls after taking damage.
The antennae on your head shrink away. A pair of horns grows on your head!
You feel resistant to cold.
You feel extremely strange.
You no longer feel a malignance within.
You feel less resistant to poisons.
Your talons dull and shrink into feet.
You feel stronger. The horns on your head grow some more.
You have escaped!

^..PPPPPPPPPPPPPPP#.......######.
#.#PPPPPPPPPPPPPPP+.......'.....†
#.#PPPPP.....PPPPP#.......######.
#.#PPP..PPPPP..PPP#....#### #.
..#PP.PPP...PPP.PP#....# ##
..#PP.PP.PPP.PP.PP#....# ##
..#P.PP.PP.PP.PP.P#....# #.
.....P.PP.P.PP.PZP#....# #.
.....P.P.PPP.P.P@P#....# #.
..#..P.PP.P.PP.P.P#....#### #.
..#P.PP.PP.PP.PP.P#....'†.# #.
#+#PP.PP.PPP.PP.PP##...##.######.
...PP.PPP...PPP.PP#######.#....'.


...PPP..PPPPP..PPP# #.#.####. ...PPPPP.....PPPPP# #.#.##... ...PPPPPPPPPPPPPPP#
#.#..'... .÷.PPPPPPPPPPPPPPP#######.####... You could see a friendly Orb
Guardian zombie.

Vanquished Creatures
  An ancient lich (Depths:3)
  4 orbs of fire
  Tiamat (Zot:4)
  Mara (Vaults:2)
  3 royal mummies (Crypt:2)
  Boris (Depths:3)
  A Killer Klown (Zot:5)
  2 caustic shrikes
  A curse toe (Zot:3)
  5 golden dragons
  A profane servitor (Depths:2)
  2 electric golems
  An Ice Fiend (Zot:3)
  A Hell Sentinel (D:2)
  14 tentacled monstrosities
  3 liches
  Rupert (D:13)
  Mlioglotl (Shoals:1)
  15 Orb Guardians
  3 quicksilver dragons
  Asterion (Vaults:3)
  3 deep elf blademasters
  5 searing wretches
  3 titans
  3 sphinxes
  A deep elf master archer (Elf:3)
  A kraken (Shoals:4)
  A walking frostbound tome (Depths:2)
  6 death cobs
  An ancient champion (Vaults:2)
  An eldritch tentacle (Zot:5)
  5 shadow dragons
  Kirke (D:15)
  14 storm dragons
  5 tengu reavers
  Aizul (Snake:2)
  4 draconian knights
  2 nagarajas
  2 draconian monks
  2 revenants
  2 draconian shifters
  7 frost giants
  9 vault wardens
  An iron dragon (Vaults:5)
  5 draconian scorchers
  2 protean progenitors (Zot:3)
  Louise (Snake:3)
  4 balrugs
  4 deep elf sorcerers
  10 fire giants
  A juggernaut zombie (Hell)
  A cacodemon (D:5)
  3 ghost moths
  A caustic shrike zombie (Crypt:3)
  18 ironbound preservers
  3 draconian annihilators
  2 formless jellyfish
  A draconian stormcaller (Zot:1)
  2 curse skulls (Crypt:1)
  3 ghouls
  3 reapers
  2 spriggan defenders (Depths:2)
  9 stone giants
  6 green draconians
  14 very ugly things
  A vampire knight (Crypt:3)
  10 black draconians
  3 deep elf demonologists
  5 deep elf death magi
  An ironbound thunderhulk (Vaults:3)
  5 red draconians
  7 war gargoyles
  6 yellow draconians
  5 purple draconians
  8 spark wasps
  3 deep elf annihilators
  8 white draconians
  7 dire elephants
  Snorg (D:13)
  3 merfolk impalers
  A fire dragon (Depths:2)
  Josephine (D:13)
  An iron golem (Depths:1)
  A crystal guardian (Vaults:4)
  3 eidola
  A green death (Depths:2)
  6 jiangshi
  A merfolk javelineer (Shoals:4)
  3 ettins
  2 spriggan zombies
  3 deep elf high priests (Elf:3)
  An entropy weaver (Vaults:4)
  25 vault guards
  3 hydras
  2 peacekeepers
  A rakshasa (Depths:2)
  9 yaktaur captains
  7 great orbs of eyes
  A spriggan skeleton (Crypt:3)
  2 catoblepae
  An ogre mage (Vaults:5)
  A jorogumo (Zot:3)
  12 ice dragons
  2 salamander tyrants (Snake:4)
  A spriggan air mage (Depths:4)
  4 boulder beetles
  7 ironbound frosthearts
  9 centaur warriors
  A fenstrider witch skeleton (Crypt:3)
  2 merfolk aquamancers
  The ghost of Mll the Fighter, a novice MiFi (D:7)
  5 two-headed ogres
  13 dancing weapons
  5 death yaks
  4 deep troll shamans
  A stoker (Depths:1)
  9 anacondas
  5 vampire magi
  A titan zombie (Hell)
  6 naga warriors
  3 deep troll earth magi
  An occultist (Depths:1)
  3 shock serpents (Snake:4)
  2 satyrs
  A soul eater (Hell)
  A bennu skeleton (Crypt:2)
  An orc high priest (Orc:2)
  8 naga sharpshooters
  11 hell knights
  2 titan skeletons
  6 deep elf knights
  3 salamander mystics
  10 sun demons
  9 iron trolls
  3 skysharks
  A sixfirhy (D:12)
  A shadow wraith (Vaults:4)
  4 skeletal warriors
  A storm dragon skeleton (Depths:3)
  6 spectral anacondas (Snake:3)
  A golden dragon zombie (Depths:2)
  65 deep trolls
  8 sea snakes
  5 arcanists
  8 flayed ghosts
  3 bog bodies
  A mana viper (shapeshifter) (Vaults:5)
  A spriggan simulacrum (Hell)
  3 glowing orange brains
  8 mana vipers
  6 orc knights
  An orange crystal statue (Depths:1)
  9 phantasmal warriors
  2 deep elf archers
  3 naga ritualists (Snake:4)
  9 lindwurms
  A goliath frog zombie (Crypt:1)
  13 deep elf pyromancers
  4 necromancers
  3 anaconda skeletons (Snake:3)
  14 ironbound convokers
  21 ugly things
  6 harpies
  A golden dragon skeleton (Depths:3)
  5 manticores
  6 orc sorcerers (Orc:2)
  9 deep elf zephyrmancers
  A faun (shapeshifter) (Vaults:4)
  12 salamanders
  A shining eye (shapeshifter) (Vaults:5)
  5 fauns
  2 meliai
  4 cyclopes (D:11)
  15 moths of wrath
  A rust devil (Depths:1)
  A large abomination (D:12)
  A stone giant skeleton (Depths:2)
  6 guardian serpents (Snake:4)
  A frost giant skeleton (Crypt:2)
  3 merfolk sirens
  2 kobold blastminers (Orc:1)
  3 water nymphs (Shoals:4)
  The ghost of BigAl98 the Cleaver, a novice MDFi (D:8)
  12 naga magi
  16 black mambas
  The ghost of senseless the Shooter, a novice DEHs of Hepliaklqana (D:6)
  2 smoke demons
  8 vault sentinels
  2 unseen horrors (D:12)
  4 gargoyles
  An orange demon (D:5)
  An eye of devastation (shapeshifter) (Elf:2)
  5 cane toads
  18 yaktaurs
  A dire elephant skeleton (Crypt:2)
  A hellion (Depths:2)
  A rime drake (Lair:1)
  6 komodo dragons
  3 anaconda simulacra (Snake:3)
  2 freezing wraiths
  2 guardian mummies (Crypt:2)
  A golden dragon simulacrum (Depths:3)
  A tormentor (Depths:1)
  A hydra zombie (Hell)
  6 trolls
  3 red devils
  2 wind drakes
  2 glass eyes
  A hornet (Depths:2)
  6 saltlings
  A tarantella (Vaults:4)
  7 merfolk
  A harpy skeleton (Crypt:3)
  Prince Ribbit (D:7)
  6 blink frogs
  A raiju (shapeshifter) (D:13)
  4 snapping turtles
  2 meliai zombies (Crypt:1)
  15 slime creatures
  5 shadows
  4 air elementals
  A ynoxinul (Zot:5)
  A guardian serpent skeleton (Crypt:1)
  11 wraiths
  30 yaks
  3 vampires
  2 fire elementals (Elf:2)
  A spriggan (Depths:2)
  10 water elementals
  4 wyverns
  4 hogs (D:15)
  4 basilisks
  2 wargs (Orc:2)
  A redback (Vaults:4)
  A black mamba skeleton (Crypt:1)
  A neqoxec (Zot:1)
  2 steam dragons
  2 vampire mosquitoes (D:12)
  14 nagas
  An acid dragon (D:11)
  2 naga zombies
  A skyshark zombie (Crypt:1)
  A faun zombie (Shoals:1)
  A cane toad zombie (Crypt:1)
  13 water moccasins
  A wandering mushroom (D:7)
  16 orc warriors
  9 laughing skulls
  3 boggarts (D:15)
  3 ogres
  A centaur (D:10)
  Blork the orc (D:4)
  2 kobold brigands
  2 earth elementals
  10 bullfrogs
  A gnoll sergeant (D:8)
  A salamander zombie (Crypt:1)
  4 scorpions
  17 wights
  A killer bee (D:11)
  5 electric eels
  5 howler monkeys
  2 jellies (D:7)
  3 lava snakes (Lair:3)
  2 hounds
  10 orc priests
  A gnoll bouda (D:8)
  Ijyb (D:2)
  Jessica (D:3)
  4 iguanas
  5 hell rats
  19 orc wizards
  Terence (D:3)
  A mummy (Crypt:2)
  Robin (D:2)
  4 adders
  7 gnolls
  3 white imps
  4 ufetubi
  2 dart slugs
  3 ribbon worms
  49 orcs
  8 ball pythons
  8 bats
  15 endoplasms
  4 giant cockroaches (D:1)
  17 goblins
  9 hobgoblins
  3 jackals
  4 quokkas
  4 frilled lizards
  12 kobolds
  8 rats
  A spectral goblin (D:2)
  An aspiring flesh (Zot:3)
  A creeping inferno (Hell)
  A fire vortex (Hell)
  A spectral weapon (Vaults:3)
  2 tentacles (Shoals:4)
1400 creatures vanquished.

Vanquished Creatures (collateral kills)
  2 dread liches
  Khufu (Crypt:2)
  An ancient lich (Zot:5)
  3 juggernauts (Depths:3)
  The ghost of Pirukh the Slayer, a veteran MiFi of Cheibriados (Zot:2)
  Bai Suzhen (Shoals:4)
  6 golden dragons
  Nikola (Snake:2)
  Jorgrun (D:15)
  10 Orb Guardians (Zot:5)
  7 tentacled monstrosities
  3 liches
  2 deep elf master archers (Elf:3)
  A deep elf blademaster (Elf:2)
  2 quicksilver dragons (Zot:5)
  A walking divine tome (Depths:3)
  A searing wretch (Hell)
  5 sphinxes
  7 titans
  An ancient champion (Crypt:2)
  Agnes (Snake:1)
  5 shadow dragons
  4 tengu reavers
  4 storm dragons
  2 draconian monks
  A draconian knight (Zot:4)
  5 frost giants
  2 vault wardens
  4 fire giants
  2 deep elf sorcerers (Elf:3)
  A balrug (Hell)
  An iron dragon (Hell)
  2 caustic shrike zombies
  2 ghouls
  A reaper (D:10)
  4 deep elf elementalists
  2 curse skulls
  An orc warlord (Vaults:4)
  2 stone giants (Depths:2)
  14 ironbound preservers
  2 formless jellyfish (Vaults:2)
  9 very ugly things
  A cacodemon (D:10)
  3 draconian annihilators
  3 deep elf death magi
  An ironbound thunderhulk (Vaults:3)
  4 yellow draconians
  5 vampire knights
  5 dire elephants
  A red draconian (Zot:1)
  A deep elf demonologist (Elf:3)
  A bunyip (shapeshifter) (Vaults:1)
  4 green draconians
  7 deep elf annihilators
  4 black draconians
  4 war gargoyles
  3 spark wasps
  5 white draconians
  A merfolk javelineer (Shoals:4)
  7 purple draconians
  A blizzard demon (Hell)
  An eidolon (Crypt:2)
  3 ettins
  5 fire dragons
  A mummy priest (Crypt:2)
  4 merfolk impalers
  2 deep elf high priests
  9 jiangshi
  An entropy weaver (Vaults:1)
  3 great orbs of eyes (Vaults:4)
  4 ice dragons
  2 salamander tyrants
  A hydra (Lair:5)
  8 yaktaur captains
  4 rakshasas
  3 peacekeepers
  2 spriggan zombies
  6 centaur warriors
  4 vault guards (Vaults:5)
  An alligator snapping turtle (Shoals:4)
  3 ironbound frosthearts
  5 merfolk avatars
  A spriggan air mage (Depths:1)
  A stoker (Hell)
  4 anacondas
  A death knight (Crypt:2)
  2 two-headed ogres
  14 dancing weapons
  4 vampire magi
  4 deep troll shamans
  2 boulder beetles
  2 tengu warriors
  10 naga warriors
  2 satyrs (Shoals:3)
  9 deep troll earth magi
  2 death yaks
  A demonic crawler (Hell)
  16 naga sharpshooters
  6 shock serpents
  3 sun demons (Hell)
  11 deep elf knights
  4 skysharks
  A shadow wraith (Vaults:5)
  3 hell knights (Crypt:3)
  2 skeletal warriors
  9 salamander mystics
  2 spectral anacondas (Snake:3)
  A spark wasp zombie (Depths:3)
  A sea snake (shapeshifter) (Vaults:5)
  11 sea snakes
  3 iron trolls
  9 mana vipers
  7 flayed ghosts
  5 ironbound convokers
  3 arcanists
  A sixfirhy (D:10)
  44 deep trolls
  3 naga ritualists
  2 anaconda skeletons
  A golden dragon skeleton (Crypt:1)
  4 lindwurms
  4 orc knights
  9 phantasmal warriors
  4 harpies (Shoals:4)
  5 necromancers
  5 deep elf archers
  14 deep elf zephyrmancers
  13 ugly things
  17 deep elf pyromancers
  A jorogumo zombie (Crypt:2)
  A tengu skeleton (Vaults:4)
  15 manticores
  An orc sorcerer (Orc:1)
  11 moths of wrath
  7 salamanders
  17 fauns
  3 cyclopes
  9 elephants
  4 vault sentinels
  A stone giant zombie (Vaults:5)
  6 guardian serpents
  9 naga magi
  6 merfolk sirens
  A guardian serpent (shapeshifter) (D:15)
  16 black mambas
  A meliai (D:14)
  4 water nymphs
  5 cane toads
  5 rust devils (Hell)
  4 gargoyles (Crypt:3)
  An orange demon (D:5)
  A kobold demonologist (D:10)
  A smoke demon (Crypt:3)
  An efreet (D:15)
  4 rime drakes
  A freezing wraith (Vaults:4)
  A dire elephant skeleton (Crypt:2)
  2 anaconda simulacra (Snake:3)
  9 yaktaurs
  2 komodo dragons (Lair:5)
  A tengu conjurer (Depths:2)
  2 ice devils (Hell)
  17 merfolk
  3 trolls
  A red devil (Orc:1)
  A harpy zombie (Hell)
  A moth of wrath zombie (Zot:2)
  A polar bear (Lair:5)
  A guardian mummy (Crypt:2)
  A queen bee (shapeshifter) (D:13)
  A wind drake (shapeshifter) (Vaults:5)
  10 snapping turtles
  3 wind drakes
  8 blink frogs
  3 elf zombies
  A fire dragon zombie (Depths:1)
  15 slime creatures
  3 vampires (Crypt:3)
  A culicivora (Vaults:1)
  A fire dragon skeleton (Crypt:2)
  3 air elementals
  3 shadows
  5 water elementals
  3 wyverns
  28 yaks
  3 wraiths
  A yak (shapeshifter) (Vaults:5)
  A steam dragon (Lair:5)
  4 basilisks
  4 vampire mosquitoes
  A neqoxec (D:10)
  A redback (Vaults:1)
  A warg (Orc:2)
  A yaktaur simulacrum (Vaults:4)
  2 deep troll zombies (Depths:1)
  A glowing shapeshifter zombie (Vaults:4)
  A harpy simulacrum (Crypt:2)
  17 nagas
  10 water moccasins
  An acid dragon (D:11)
  A black bear (D:10)
  5 orc warriors
  A glowing shapeshifter skeleton (Depths:2)
  An ettin simulacrum (Crypt:2)
  4 laughing skulls
  A black bear (shapeshifter) (D:14)
  A tengu (shapeshifter) (D:14)
  4 wolves (Lair:5)
  4 boggarts (D:15)
  An orc zombie (Vaults:4)
  4 kobold brigands (D:10)
  4 bullfrogs
  3 gnoll sergeants
  3 earth elementals (Elf:2)
  2 wights
  2 howler monkeys
  2 electric eels (Snake:1)
  A bombardier beetle (D:7)
  3 jellies (D:7)
  3 orc priests
  A hound (Bailey)
  10 orc wizards
  A hound skeleton (Crypt:2)
  7 gnolls
  An adder (D:6)
  24 orcs
  2 endoplasms (D:7)
  3 kobolds
  A quokka skeleton (Crypt:1)
  An aspiring flesh (Zot:3)
  2 fire vortices (Hell)
  A spectral weapon (Vaults:3)
  2 tentacles (Shoals:4)
965 creatures vanquished.

Vanquished Creatures (others)
  A spectral troll (Zot:5)
  spectral Geryon (Zot:1)
  A spectral tengu (Hell)
  A draconian knight (Zot:3)
  8 spectral tentacled monstrosities
  A caustic shrike zombie (Depths:3)
  A draconian annihilator (Zot:1)
  A Killer Klown zombie (Zot:5)
  A black draconian (Zot:5)
  A spectral human (Vaults:1)
  2 very ugly thing zombies (Depths:2)
  A spectral Executioner (D:2)
  2 quicksilver dragon zombies
  A spectral dire elephant (Orc:2)
  A spriggan zombie (Depths:2)
  7 Orb Guardian zombies (Zot:5)
  A spectral protean progenitor (Zot:3)
  A naga warrior (Snake:4)
  A titan zombie (Vaults:5)
  3 spectral balrugs
  7 storm dragon zombies
  A deep elf knight (Elf:3)
  A sun demon (Zot:3)
  2 skeletal warriors (D:11)
  2 golden dragon zombies
  A spectral hydra (Lair:5)
  3 anaconda zombies
  A ghost moth zombie (Zot:5)
  A spriggan simulacrum (Hell)
  A spectral merfolk (Shoals:1)
  A shadow dragon zombie (Zot:2)
  A tengu skeleton (Depths:3)
  10 ugly thing zombies
  2 fire giant zombies
  6 draconian zombies
  2 moths of wrath
  A spectral skyshark (Shoals:3)
  3 frost giant zombies
  A spectral blizzard demon (Hell)
  2 shock serpent zombies (Snake:4)
  2 centaur zombies
  A dire elephant zombie (Vaults:4)
  3 spectral rakshasas
  8 spectral sun demons (Hell)
  A spectral soul eater (Hell)
  4 mana viper zombies
  A red draconian zombie (Zot:5)
  3 green draconian zombies
  An iron troll zombie (Hell)
  2 white draconian zombies
  2 purple draconian zombies
  A redback zombie (Vaults:1)
  3 sea snake zombies
  2 black draconian zombies
  An unseen horror zombie (D:12)
  A yellow draconian zombie (Depths:4)
  A yaktaur (Vaults:4)
  A demonic crawler zombie (Hell)
  A hydra zombie (D:11)
  A great orb of eyes zombie (Vaults:4)
  4 harpy zombies (Shoals:4)
  11 moth of wrath zombies
  2 spectral cyclopes
  A culicivora zombie (Vaults:1)
  A tarantella zombie (Vaults:4)
  4 guardian serpent zombies (Snake:4)
  9 black mamba zombies
  7 slime creature zombies
  2 shadows (D:11)
  A water elemental (Elf:2)
  2 spectral rust devils (Hell)
  A fire elemental (Elf:3)
  38 human zombies
  8 merfolk zombies
  2 water nymph zombies
  A cane toad zombie (Lair:2)
  2 two-headed ogre zombies (Orc:2)
  25 deep troll zombies
  2 skyshark zombies
  2 spectral red devils
  2 faun zombies
  A spectral smoke demon (Crypt:3)
  13 naga zombies
  5 manticore zombies
  28 elf zombies
  An elephant zombie (D:10)
  A blink frog zombie (Lair:5)
  6 lindwurm zombies
  A boggart (D:15)
  2 rime drake zombies
  6 salamander zombies
  A komodo dragon zombie (Lair:5)
  9 yaktaur zombies
  2 cyclops zombies
  A gnoll sergeant (D:8)
  A warg zombie (Orc:2)
  10 water moccasin zombies
  A tengu zombie (Depths:2)
  6 troll zombies
  7 yak zombies
  A polar bear zombie (Lair:5)
  A basilisk zombie (Lair:2)
  3 bullfrog zombies
  A scorpion zombie (D:7)
  A hell rat (Hell)
  An acid dragon zombie (D:11)
  A hound zombie (Bailey)
  2 howler monkey zombies
  A gnoll (D:8)
  A steam dragon zombie (Lair:4)
  A jelly zombie (D:7)
  A spectral white imp (D:7)
  5 gnoll zombies
  A goblin (D:3)
  2 endoplasm zombies (D:7)
  A kobold zombie (D:6)
  61 orc zombies
  2 spectral ufetubi (D:7)
  A fire vortex (Hell)
  6 tentacles (Shoals:4)
449 creatures vanquished.

Grand Total: 2814 creatures vanquished

Notes
Turn   | Place    | Note
-------+----------+-------------------------------------------
     0 | D:1      | seren the Mountain Dwarf Fighter began the quest for the
                  | Orb.
     0 | D:1      | Reached XP level 1. HP: 19/19 MP: 1/1
    72 | D:1      | Reached XP level 2. HP: 26/26 MP: 2/2
   409 | D:1      | Reached skill level 3 in Axes
   491 | D:1      | Reached XP level 3. HP: 31/33 MP: 3/3
  1084 | D:2      | Found a faded altar of an unknown god.
  1227 | D:1      | Reached XP level 4. HP: 26/40 MP: 4/4
  1788 | D:3      | Noticed Ijyb
  1798 | D:2      | Killed Ijyb
  1799 | D:2      | Reached XP level 5. HP: 46/46 MP: 5/5
  1981 | D:3      | Noticed Jessica
  1985 | D:3      | Killed Jessica
  1986 | D:3      | Reached skill level 4 in Axes
  2010 | D:3      | Noticed Robin
  2065 | D:2      | Killed Robin
  2095 | D:3      | Reached skill level 1 in Evocations
  2157 | D:3      | Reached XP level 6. HP: 32/53 MP: 6/6
  2532 | D:3      | Noticed Terence
  2556 | D:3      | Killed Terence
  2616 | D:3      | You fall into a shaft and drop 1 floor!
  2935 | D:4      | Identified the +0 robe "Ybry" {Slay+5}
  3022 | D:4      | Noticed Blork the orc
  3046 | D:4      | Killed Blork the orc
  3047 | D:4      | Reached skill level 5 in Axes
  3468 | D:4      | Reached XP level 7. HP: 37/60 MP: 7/7
  3600 | D:4      | Reached skill level 5 in Shields
  3646 | D:4      | Reached skill level 5 in Fighting
  3802 | D:5      | Entered Level 5 of the Dungeon
  3820 | D:4      | Reached skill level 5 in Armour
  4576 | D:5      | Identified the +6 dagger of Symmetry {flame, Fly Int+2}
  4612 | D:5      | Found a staircase to the Ecumenical Temple.
  4618 | Temple   | Entered the Ecumenical Temple
  4645 | Temple   | Became a worshipper of Yredelemnul the Fallen
  4815 | D:5      | Reached skill level 6 in Axes
  5322 | D:6      | Reached skill level 1 in Invocations
  5447 | D:6      | Reached XP level 8. HP: 35/69 MP: 7/9
  6071 | D:6      | Reached skill level 7 in Axes
  6134 | D:6      | Found a sacrificial altar of Ru.
  6328 | D:6      | Noticed senseless's ghost (novice DEHs)
  6331 | D:6      | Found a runed translucent door.
  6599 | D:7      | Noticed an oklob plant
  6619 | D:7      | Found a sparkling altar of Nemelex Xobeh.
  6620 | D:7      | Noticed a troll
  6621 | D:7      | Found a snail-covered altar of Cheibriados.
  6635 | D:7      | Killed a troll
  6776 | D:7      | Found an opulent altar of Gozag.
  6793 | D:7      | Noticed Prince Ribbit
  6802 | D:7      | Killed Prince Ribbit
  6803 | D:7      | Reached skill level 8 in Axes
  6803 | D:7      | Reached XP level 9. HP: 73/75 MP: 11/11
  7299 | D:7      | Found a runed translucent door.
  7304 | D:7      | Noticed Mll's ghost (novice MiFi)
  8110 | D:8      | Found a flagged portal.
  8127 | Bailey   | Entered a bailey
  8195 | Bailey   | Reached * piety under Yredelemnul
  8528 | D:8      | Reached skill level 9 in Axes
  8528 | D:8      | Reached skill level 5 in Evocations
  8841 | D:8      | Reached skill level 5 in Invocations
  8860 | D:8      | Found a transporter.
  8929 | D:8      | Noticed a two-headed ogre
  9109 | D:8      | Found Huiqeuw's Armour Shoppe.
  9116 | D:8      | Bought a +0 pair of boots for 54 gold pieces
  9148 | D:8      | Found a transporter.
  9372 | D:8      | Noticed BigAl98's ghost (novice MDFi)
  9954 | D:9      | Noticed a troll
  9977 | D:9      | Killed a troll
 10128 | D:9      | Found a glowing silver altar of Zin.
 10174 | D:9      | Reached XP level 10. HP: 81/86 MP: 14/14
 10412 | D:9      | Noticed a two-headed ogre
 10425 | D:9      | Killed a two-headed ogre
 10426 | D:9      | Reached skill level 10 in Axes
 11003 | D:9      | Found an ornate altar of the Wu Jian Council.
 11122 | D:10     | Entered Level 10 of the Dungeon
 11214 | D:10     | Noticed an elephant
 11230 | D:10     | Killed an elephant
 11231 | D:10     | Reached skill level 11 in Axes
 11231 | D:10     | Found a staircase to the Lair.
 11446 | D:10     | Noticed a sixfirhy
 12181 | D:11     | Noticed a four-headed hydra
 12189 | D:11     | Killed a four-headed hydra
 12210 | D:11     | Reached XP level 11. HP: 54/95 MP: 16/16
 12431 | D:11     | Noticed a two-headed ogre
 12438 | D:11     | Killed a two-headed ogre
 12495 | D:11     | Reached ** piety under Yredelemnul
 12511 | D:11     | Reached skill level 12 in Axes
 12533 | D:11     | Killed a skeletal warrior
 12744 | D:11     | Found a runed translucent door.
 12745 | D:11     | Noticed a two-headed ogre
 12768 | D:11     | Found a staircase to the Orcish Mines.
 12806 | D:11     | Noticed a skeletal warrior
 12807 | D:11     | Noticed a skeletal warrior
 12843 | D:11     | Killed a skeletal warrior
 12878 | D:10     | Learned a level 4 spell: Dispel Undead
 12895 | Lair:1   | Entered Level 1 of the Lair of Beasts
 13470 | Lair:1   | Identified the +4 whip of Duty {flame, rPois}
 13734 | Lair:1   | Reached skill level 13 in Axes
 14031 | Lair:2   | Reached *** piety under Yredelemnul
 14042 | Lair:2   | Reached skill level 1 in Dodging
 14122 | Lair:2   | Noticed a lindwurm
 14165 | Lair:2   | Noticed a death yak
 14165 | Lair:2   | Noticed a death yak
 14166 | Lair:2   | Noticed a death yak
 14188 | Lair:2   | Killed a death yak
 14189 | Lair:2   | Reached skill level 1 in Necromancy
 14191 | Lair:2   | Killed a death yak
 14192 | Lair:2   | Reached XP level 12. HP: 44/105 MP: 18/18
 14196 | Lair:2   | Killed a death yak
 15097 | Lair:2   | Found a staircase to the Shoals.
 15389 | Lair:3   | Found a staircase to the Snake Pit.
 15605 | Lair:3   | Identified the +0 chain mail "Utiam" {Rampage}
 16090 | Lair:4   | Reached skill level 10 in Armour
 16295 | Lair:4   | Reached skill level 10 in Fighting
 16300 | Lair:4   | Reached skill level 14 in Axes
 16532 | Lair:4   | Reached **** piety under Yredelemnul
 16533 | Lair:4   | Reached skill level 10 in Invocations
 16534 | Lair:4   | Reached skill level 10 in Shields
 16774 | Lair:4   | Noticed a four-headed hydra
 16781 | Lair:4   | Killed a four-headed hydra
 16781 | Lair:4   | Bound a four-headed hydra
 17630 | Lair:5   | Entered Level 5 of the Lair of Beasts
 17735 | Lair:5   | Reached XP level 13. HP: 93/114 MP: 20/20
 17757 | Lair:5   | Reached skill level 1 in Spellcasting
 17882 | Lair:5   | Noticed a dire elephant
 17896 | Lair:5   | Killed a dire elephant
 17896 | Lair:5   | Bound a dire elephant
 18090 | Lair:5   | Reached skill level 15 in Axes
 18310 | Lair:5   | Found a viscous altar of Jiyva.
 18310 | Lair:5   | Found a staircase to the Slime Pits.
 18361 | Lair:5   | Identified the amulet "Ulir" {Spirit rF+}
 19253 | D:11     | Reached skill level 5 in Necromancy
 19643 | D:11     | Found a runed translucent door.
 19691 | Orc:1    | Entered Level 1 of the Orcish Mines
 19702 | Orc:1    | Reached XP level 14. HP: 121/124 MP: 19/23
 19813 | Orc:1    | Reached ***** piety under Yredelemnul
 19988 | Orc:2    | Entered Level 2 of the Orcish Mines
 20078 | Orc:2    | Found a staircase to the Elven Halls.
 20118 | Orc:2    | Found Kuabuidgh's Jewellery Shop.
 20284 | Orc:2    | Noticed an orc warlord
 21162 | Orc:1    | Upgraded the game from 0.32-a0-314-g526f7d4993 to
                  | 0.32-a0-328-gd8048dd28f
 21622 | D:12     | Reached skill level 5 in Dodging
 22040 | D:12     | Found a blossoming altar of Fedhas.
 22528 | D:13     | Noticed Snorg
 22837 | D:6      | Killed senseless's ghost
 22894 | D:7      | Killed Mll's ghost
 23064 | D:8      | Identified the +4 war axe "Newtbane" {protect, rF+ Int+3}
 23064 | D:8      | Identified the ring "Iceb" {rC+ rN+++ Will- rCorr Str+5}
 23355 | D:11     | an orc warlord changed into a satyr
 23601 | Orc:2    | Found Xynte's General Store.
 24294 | Orc:2    | Found Hyuzoukk's Armour Boutique.
 24295 | Orc:2    | Found a roughly hewn altar of Beogh.
 24296 | Orc:2    | Found Xynnioc's Armour Boutique.
 24326 | Orc:2    | Found Nongoukh's Armour Shop.
 24355 | Orc:2    | Bought a +1 pair of gloves of dexterity for 181 gold pieces
 24543 | Orc:1    | Found Asogiemost's Assorted Antiques.
 24550 | Orc:1    | Bought a ruby potion for 30 gold pieces
 24550 | Orc:1    | Bought a fizzy orange potion for 30 gold pieces
 24817 | Orc:2    | Bought a +2 war axe of electrocution for 310 gold pieces
 25079 | Snake:1  | Entered Level 1 of the Snake Pit
 25655 | D:13     | Killed Snorg
 25670 | D:13     | Identified the maw talisman of the Apprentice {*Slow rPois
                  | rF++ Will+}
 25670 | D:13     | Noticed Rupert
 25670 | D:13     | Paralysed by Rupert for 5 turns
 25679 | D:13     | Your ally Snorg died
 25919 | D:13     | Noticed Josephine
 25937 | D:13     | Killed Josephine
 25944 | D:13     | Reached skill level 16 in Axes
 26261 | D:13     | Paralysed by Rupert for 3 turns
 26275 | D:13     | Your ally Josephine died
 26278 | D:13     | Killed Rupert
 26511 | D:13     | Your ally Rupert died
 26786 | D:13     | Reached XP level 15. HP: 107/133 MP: 20/24
 27163 | D:14     | Identified the +1 ring mail of Noughts and Crosses {Fly
                  | rN+}
 27516 | D:14     | Found a burning altar of Makhleb.
 28435 | D:14     | Found a gate to the Vaults.
 28614 | Orc:2    | Bought the +1 storm dragon scales "Meynot" {rElec Dex+3
                  | Stlth+} for 1611 gold pieces
 28824 | Shoals:1 | Entered Level 1 of the Shoals
 28851 | Shoals:1 | Found Pagojeh's General Store.
 28861 | Shoals:1 | Found Fezoim's Specific Store.
 29041 | Shoals:1 | Noticed Mlioglotl
 29077 | Shoals:1 | Killed Mlioglotl
 29486 | Shoals:1 | Found the +15 Maxwell's patent armour {-Cast -Tele rElec
                  | Will+ rCorr}
 29725 | Shoals:2 | Found a flickering gateway to a bazaar.
 30414 | Bazaar   | Entered a bazaar
 30414 | Bazaar   | Found Xusoiteo's General Store.
 30414 | Bazaar   | Found Ygotais's Jewellery Emporium.
 30415 | Bazaar   | Found Oxkuazxa's Magic Scroll Shoppe.
 30415 | Bazaar   | Found Nisuotz's Antique Armour Shoppe.
 30483 | Shoals:3 | Noticed Polyphemus
 30584 | Shoals:3 | Reached XP level 16. HP: 135/144 MP: 18/26
 30598 | Shoals:3 | Found Suntohi's Antique Armour Shop.
 30700 | Shoals:3 | Reached skill level 17 in Axes
 30890 | Shoals:3 | Killed Polyphemus
 30890 | Shoals:3 | Bound Polyphemus
 31486 | Lair:3   | HP: 6/144 [poisoned by a guardian serpent (bolt of poison)]
 32775 | Snake:1  | Noticed Agnes
 32780 | Snake:1  | Killed Agnes
 33085 | Snake:1  | Reached skill level 15 in Invocations
 34601 | Snake:2  | Identified the serpent talisman "Gauciruh" {rElec Will+
                  | Int+3}
 34601 | Snake:2  | Noticed Aizul
 34621 | Snake:2  | Killed Aizul
 34860 | Snake:2  | Noticed Nikola
 34871 | Snake:2  | Killed Nikola
 35763 | Snake:3  | Reached XP level 17. HP: 36/154 MP: 17/28
 36113 | Snake:3  | Identified the blade talisman "Eruex" {rPois rC+ rN+}
 36129 | Snake:3  | Noticed Louise
 36149 | Snake:3  | Reached skill level 18 in Axes
 36150 | Snake:3  | Killed Louise
 36294 | Snake:3  | Got Sif Muna's Anthology of Niveous Sidekicks
 36896 | Snake:3  | Reached skill level 15 in Armour
 36949 | Snake:4  | Entered Level 4 of the Snake Pit
 36965 | Snake:4  | Reached skill level 15 in Fighting
 37963 | Snake:4  | Found a hazy altar of Hepliaklqana.
 39768 | Snake:4  | Identified a scroll of acquirement
 39807 | Snake:4  | Reached XP level 18. HP: 118/166 MP: 2/30
 39950 | Snake:4  | Acquired 1147 gold pieces
 40236 | Snake:4  | Got a serpentine rune of Zot
 40695 | D:8      | Killed BigAl98's ghost
 40816 | D:8      | Found a burning altar of Makhleb.
 40817 | D:8      | Found a radiant altar of Vehumet.
 41044 | D:11     | Reached skill level 19 in Axes
 41312 | Shoals:4 | Entered Level 4 of the Shoals
 41338 | Shoals:4 | Reached skill level 15 in Shields
 41372 | Shoals:4 | Noticed Bai Suzhen
 41397 | Shoals:4 | Killed Bai Suzhen
 41424 | Shoals:4 | Your ally Bai Suzhen died
 41870 | Shoals:4 | Identified the +4 morningstar "Errion" {holy, rF+}
 41971 | Shoals:4 | Got a barnacled rune of Zot
 42034 | Shoals:4 | Identified the staff "Jysobb" {rC+ Earth}
 42961 | Vaults:1 | Entered Level 1 of the Vaults
 42977 | Vaults:1 | Found Emaollin's Jewellery Emporium.
 42995 | Vaults:1 | Bought a ring of willpower for 350 gold pieces
 43045 | Vaults:1 | Your ally Polyphemus died
 43152 | Vaults:1 | Paralysed by a formless jellyfish for 1 turns
 43439 | Vaults:1 | Reached XP level 19. HP: 148/174 MP: 15/32
 44146 | Vaults:1 | Identified the death talisman of Jetso {rElec Str+3 Stlth+}
 44283 | Vaults:1 | Reached skill level 20 in Axes
 44611 | Vaults:2 | Reached ****** piety under Yredelemnul
 44684 | Vaults:2 | Paralysed by a formless jellyfish for 1 turns
 44811 | Vaults:2 | Identified the +11 arbalest "Asauxy" {penet, ^Fragile rElec
                  | rCorr Dex+6}
 44921 | Vaults:2 | Noticed Mara
 44932 | Vaults:2 | Noticed seren's illusion
 44950 | Vaults:2 | Noticed seren's illusion
 44966 | Vaults:2 | Killed Mara
 44971 | Vaults:2 | Found a staircase to the Crypt.
 45152 | Vaults:2 | Reached skill level 10 in Evocations
 45602 | Vaults:2 | Reached XP level 20. HP: 184/184 MP: 33/33
 45603 | Vaults:2 | Reached XP level 21. HP: 191/191 MP: 34/34
 45662 | Vaults:2 | Found a portal to a secret trove of treasure.
 45707 | Vaults:2 | Reached XP level 22. HP: 200/200 MP: 33/35
 45953 | Vaults:3 | Noticed Sojobo
 45959 | Vaults:3 | Paralysed by an air elemental for 1 turns
 45964 | Vaults:3 | Paralysed by an air elemental for 1 turns
 45966 | Vaults:3 | Killed Sojobo
 45966 | Vaults:3 | Bound Sojobo
 46197 | Vaults:3 | Got the Secrets of Azoth and the Departed
 47670 | Vaults:3 | Noticed Asterion
 47679 | Vaults:3 | Killed Asterion
 47697 | Vaults:3 | Reached skill level 10 in Necromancy
 48705 | Vaults:4 | Reached skill level 21 in Axes
 49168 | Vaults:4 | Paralysed by a formless jellyfish for 1 turns
 49487 | Vaults:4 | Identified the +2 orcbow of the Abyss {flame, *Corrode Fly
                  | rF+}
 49506 | Vaults:4 | Reached XP level 23. HP: 177/210 MP: 25/36
 49713 | Vaults:5 | Entered Level 5 of the Vaults
 50101 | Shoals:1 | Bought a phantom mirror for 480 gold pieces
 50149 | Shoals:3 | Bought a pair of embroidered gloves for 195 gold pieces
 50385 | Elf:1    | Entered Level 1 of the Elven Halls
 50468 | Elf:1    | Found a huge runed translucent gate.
 50468 | Elf:1    | Found a huge runed translucent gate.
 50469 | Elf:1    | Found a huge runed translucent gate.
 50469 | Elf:1    | Found a huge runed translucent gate.
 50470 | Elf:1    | Found a huge runed translucent gate.
 50470 | Elf:1    | Found a huge runed translucent gate.
 50470 | Elf:1    | Found a huge runed translucent gate.
 50470 | Elf:1    | Found a huge runed translucent gate.
 50470 | Elf:1    | Found a huge runed translucent gate.
 50470 | Elf:1    | Found a huge runed translucent gate.
 50470 | Elf:1    | Found a huge runed translucent gate.
 50470 | Elf:1    | Found a huge runed translucent gate.
 50478 | Elf:1    | Found a huge runed translucent gate.
 50478 | Elf:1    | Found a huge runed translucent gate.
 50478 | Elf:1    | Found a huge runed translucent gate.
 50478 | Elf:1    | Found a huge runed translucent gate.
 50478 | Elf:1    | Found a huge runed translucent gate.
 50478 | Elf:1    | Found a huge runed translucent gate.
 50480 | Elf:1    | Found a huge runed translucent gate.
 50480 | Elf:1    | Found a huge runed translucent gate.
 51234 | Orc:2    | Bought a ring of see invisible for 225 gold pieces
 52087 | Elf:2    | Identified the +3 falchion "Jium" {freeze, rF+}
 52154 | Elf:2    | Found a runed translucent gate.
 52155 | Elf:2    | Found a runed translucent gate.
 52155 | Elf:2    | Found a runed translucent gate.
 52445 | Elf:2    | Paralysed by an air elemental for 1 turns
 53122 | Elf:3    | Entered Level 3 of the Elven Halls
 53312 | Elf:3    | Paralysed by an air elemental for 1 turns
 53530 | Elf:3    | Reached skill level 10 in Dodging
 53600 | Elf:3    | Paralysed by an air elemental for 1 turns
 53976 | Elf:3    | Identified the +9 flail "Secret Weapon" {freeze, rPois rF+}
 54700 | Elf:3    | Identified the +3 broad axe of Howyar {flame, Int+6}
 54733 | Elf:3    | Paralysed by an air elemental for 1 turns
 54734 | Elf:3    | Identified the +0 longbow of Paper {freeze, rPois rF- rC-
                  | Str+7}
 54800 | Elf:3    | Reached skill level 22 in Axes
 54818 | Elf:3    | Identified the +6 rapier of the Weasel {vamp, rF+}
 54979 | Elf:3    | Identified the +6 dagger "Ixofaawk" {drain, Fly}
 54982 | Elf:3    | Identified the +3 arbalest of Karma {flame, rElec Str+4
                  | SInv}
 54986 | Elf:3    | Identified the +0 pair of gloves of Terror {rC+}
 55004 | Elf:3    | Got Settyos's Commentary on Plutonic Confrontation
 55019 | Elf:3    | Identified the +4 dagger "Namigot" {antimagic, ^Contam
                  | rElec rF+ rC++}
 55021 | Elf:3    | Identified the staff of the Winnowing Ass {rPois Will++
                  | Str-2 Alchemy}
 55198 | Elf:3    | Learned a level 3 spell: Vampiric Draining
 55203 | Elf:3    | Learned a level 4 spell: Sticky Flame
 55686 | Crypt:1  | Entered Level 1 of the Crypt
 56812 | Crypt:2  | Reached XP level 24. HP: 222/222 MP: 36/36
 57200 | Crypt:2  | Noticed a royal mummy
 57216 | Crypt:2  | Killed a royal mummy
 57405 | Crypt:2  | Noticed a royal mummy
 57412 | Crypt:2  | Noticed Khufu
 57416 | Crypt:2  | Killed a royal mummy
 57833 | Crypt:2  | Noticed a royal mummy
 57857 | Crypt:2  | Killed a royal mummy
 58018 | Crypt:2  | Killed Khufu
 58164 | Crypt:3  | Entered Level 3 of the Crypt
 58708 | Crypt:3  | Found the +8 Wrath of Trog {antimagic, *Rage Rampage}
 58873 | Crypt:3  | Identified the ring of Noafuru {rN+ Str+4}
 58873 | Crypt:3  | Identified the ring "Waleg" {*Slow rN+ Dex+6}
 58879 | Crypt:3  | Identified the +6 arbalest of Qesoxzem {flame, *Slow rN+
                  | SInv}
 59698 | Crypt:3  | Found a staircase to the Tomb.
 59723 | Crypt:3  | Noticed a dread lich
 59731 | Crypt:3  | Killed a dread lich
 59776 | Crypt:3  | Identified the +9 dagger of Vanity {distort, SInv}
 59777 | Crypt:3  | Identified the +9 flail "Cusakhlae" {heavy, rF- Int+8 SInv
                  | Stlth-}
 59778 | Crypt:3  | Identified the staff "Gatsuigo" {^Contam rC+ Stlth+ Ice
                  | Earth}
 60469 | Orc:2    | Bought a scroll of blinking for 112 gold pieces
 60469 | Orc:2    | Bought a potion of heal wounds for 75 gold pieces
 60520 | Orc:1    | Bought a wand of digging (6) for 856 gold pieces
 60611 | D:15     | Entered Level 15 of the Dungeon
 60661 | D:15     | Noticed Jorgrun
 60671 | D:15     | Killed Jorgrun
 60735 | D:15     | Found a hide-covered altar of Uskayaw.
 60855 | D:15     | Identified the +2 helmet "Dixadiah" {Int+2}
 60868 | D:15     | Noticed Kirke
 60874 | D:15     | Killed Kirke
 61032 | D:15     | Found a staircase to the Depths.
 61413 | Depths:1 | Entered Level 1 of the Depths
 61578 | Depths:1 | Reached skill level 23 in Axes
 61685 | Depths:1 | Found a gateway to Hell.
 61699 | Depths:1 | Identified the +1 robe "Qaihetob" {rF+ Str+2 Int+2 Dex+3}
 61929 | Depths:1 | Found Beixou's Firing Range.
 62200 | Depths:1 | Found Zinguojia's Book Emporium.
 62202 | Depths:1 | Found Pestrebof's Jewellery Shop.
 62203 | Depths:1 | Found Esmaff's Book Emporium.
 62485 | Depths:1 | Identified the +4 chain mail "Oruheral" {Harm rF+ Str-3
                  | Int+2}
 62627 | Depths:2 | Reached XP level 25. HP: 233/233 MP: 22/37
 62969 | Depths:2 | Found a transporter.
 63820 | Depths:2 | Found a one-way gate leading to the halls of Pandemonium.
 64207 | Depths:3 | Found a one-way gate to the infinite horrors of the Abyss.
 64213 | Depths:3 | Noticed a juggernaut
 64223 | Depths:3 | Killed a juggernaut
 64227 | Depths:3 | Noticed a juggernaut
 64229 | Depths:3 | Noticed an ancient lich
 64240 | Depths:3 | Noticed a juggernaut
 64249 | Depths:3 | Killed an ancient lich
 64260 | Depths:3 | Killed a juggernaut
 64263 | Depths:3 | Killed a juggernaut
 64381 | Depths:3 | Identified the +11 shortbow of Luqalor {drain, Will+ Str+5}
 64390 | Depths:3 | Identified the ring of the Devil {rC- rN+ EV+5 Dex+3 SInv}
 64696 | Depths:3 | Identified the +3 robe "Taehustroba" {+Inv rCorr Stlth-
                  | Archmagi}
 64696 | Depths:3 | Noticed Boris
 64723 | Depths:3 | Killed Boris
 65012 | Depths:3 | Found a one-way gateway to a ziggurat.
 65158 | Depths:3 | Found Ythrofuo's Antique Armour Emporium.
 65222 | Depths:3 | Found a hazy altar of Hepliaklqana.
 65255 | Depths:3 | Found a basalt altar of Yredelemnul.
 65323 | Depths:3 | Reached skill level 24 in Axes
 65686 | Depths:3 | Learned a level 1 spell: Apportation
 65688 | Depths:4 | Entered Level 4 of the Depths
 65802 | Depths:4 | Found a gate to the Realm of Zot.
 67029 | Vaults:5 | Reached XP level 26. HP: 245/245 MP: 28/38
 67063 | Vaults:5 | Identified the +2 robe of Jigsaw {Str+4}
 67537 | Vaults:5 | Identified the +1 dagger "Vyroiss" {venom, ^Fragile Str+4
                  | SInv}
 67796 | Vaults:5 | Noticed a dread lich
 67798 | Vaults:5 | Identified the +6 shortbow of Zin, Sharing {antimagic, rC-
                  | rN+ Will+ Int+4}
 67806 | Vaults:5 | Killed a dread lich
 67882 | Vaults:5 | Identified the staff "Lionged" {rF+ Dex+2 Fire}
 68041 | Vaults:5 | Identified the +1 tower shield of the Beginning {rElec rF+}
 68061 | Vaults:5 | Identified the +4 executioner's axe of Siudon {drain,
                  | Will++ MP-9 Dex+5}
 68111 | Vaults:5 | Got a silver rune of Zot
 68441 | Vaults:5 | Identified the +6 quarterstaff of Blood {protect, Dex+3}
 69167 | Hell     | Entered the Vestibule of Hell
 69177 | Hell     | Noticed Geryon
 69234 | Hell     | Reached skill level 25 in Axes
 69237 | Hell     | Your ally Sojobo died
 70401 | Hell     | Found a gateway to the freezing wastes of Cocytus.
 70428 | Hell     | Killed Geryon
 70428 | Hell     | Bound Geryon
 70474 | Hell     | Found a gateway to the decaying netherworld of Tartarus.
 70612 | Hell     | Found a gateway to the ashen valley of Gehenna.
 70694 | Hell     | Found a gateway to the Iron City of Dis.
 70927 | Zot:1    | Entered Level 1 of the Realm of Zot
 71039 | Zot:1    | Identified the +3 orcbow of Death {heavy, ^Fragile rElec
                  | rPois Int+3}
 71138 | Zot:1    | Noticed an orb of fire
 71151 | Zot:1    | Killed an orb of fire
 71163 | Zot:1    | Reached XP level 27. HP: 161/256 MP: 21/38
 71451 | Zot:1    | Your ally Geryon died
 71743 | Zot:1    | Identified the +1 great sword of Uncomfortable Rashes
                  | {drain, rPois rF++ Dex-4 Stlth+}
 74264 | Zot:2    | Acquired 716 gold pieces
 74495 | Zot:2    | Found a runed translucent door.
 74495 | Zot:2    | Found a shimmering altar of Xom.
 74496 | Zot:2    | Noticed Pirukh's ghost (veteran MiFi)
 75065 | Zot:2    | Identified the ring "Cukeps Ello" {rC+ Slay+5}
 75091 | Zot:2    | Killed Pirukh's ghost
 75099 | Zot:2    | Got the Spellbook of Airborne Nigredo
 76514 | Zot:4    | Noticed Parghit
 76548 | Zot:4    | Upgraded the game from 0.32-a0-328-gd8048dd28f to
                  | 0.32-a0-350-g4f4d228785
 76610 | Zot:4    | Found the +4 dragonskin cloak
 76610 | Zot:4    | Noticed Tiamat
 77504 | Zot:4    | Killed Tiamat
 77539 | Zot:4    | Reached skill level 26 in Axes
 77728 | Zot:4    | Killed Parghit
 77728 | Zot:4    | Bound Parghit
 78416 | Shoals:1 | Bought a scroll of enchant weapon for 142 gold pieces
 78887 | Zot:5    | Entered Level 5 of the Realm of Zot
 79686 | Zot:5    | Noticed an ancient lich
 79693 | Zot:5    | Killed an ancient lich
 79695 | Zot:5    | Noticed an orb of fire
 79696 | Zot:5    | Noticed an orb of fire
 79702 | Zot:5    | Gained mutation: Your body sometimes deteriorates upon
                  | taking damage. [an orb of fire]
 79705 | Zot:5    | Noticed an orb of fire
 79713 | Zot:5    | Gained mutation: Your spells are a little easier to cast,
                  | but a little less powerful. [an orb of fire]
 79717 | Zot:5    | Gained mutation: You sometimes lose your temper in combat.
                  | [an orb of fire]
 79751 | Zot:5    | Your ally Parghit died
 79969 | Zot:5    | Lost mutation: Your spells are a little easier to cast, but
                  | a little less powerful. [potion of mutation]
 79969 | Zot:5    | Lost mutation: You sometimes lose your temper in combat.
                  | [potion of mutation]
 79969 | Zot:5    | Lost mutation: Your body sometimes deteriorates upon taking
                  | damage. [potion of mutation]
 79969 | Zot:5    | Gained mutation: You have supernaturally acute eyesight.
                  | (SInv) [potion of mutation]
 79969 | Zot:5    | Gained mutation: You are partially covered in large bone
                  | plates. (SH +4) [potion of mutation]
 79969 | Zot:5    | Gained mutation: You occasionally shout uncontrollably at
                  | your foes. [potion of mutation]
 79969 | Zot:5    | Gained mutation: You have a pair of small antennae on your
                  | head. [potion of mutation]
 80019 | Zot:5    | Gained mutation: You are clumsy. (Dex -2) [mutagenic glow]
 80033 | Zot:5    | Gained mutation: Your magical capacity is low. (-10% MP)
                  | [mutagenic glow]
 80051 | Zot:5    | Lost mutation: You have supernaturally acute eyesight.
                  | (SInv) [mutagenic glow]
 80072 | Zot:5    | Gained mutation: Your spells are a little easier to cast,
                  | but a little less powerful. [mutagenic glow]
 80119 | Zot:5    | Killed an orb of fire
 80498 | Zot:5    | Gained mutation: You have hidden genetic potential. [an orb
                  | of fire]
 80505 | Zot:5    | Gained mutation: You are frail. (-10% HP) [an orb of fire]
 80559 | Zot:5    | Gained mutation: Armour fits poorly on your strangely
                  | shaped body. [an orb of fire]
 80566 | Zot:5    | Gained mutation: You occasionally lose the ability to read
                  | scrolls when taking damage. [an orb of fire]
 80577 | Zot:5    | Killed an orb of fire
 80584 | Zot:5    | Lost mutation: You have a pair of small antennae on your
                  | head. [potion of mutation]
 80584 | Zot:5    | Lost mutation: You are clumsy. (Dex -2) [potion of
                  | mutation]
 80584 | Zot:5    | Lost mutation: You occasionally shout uncontrollably at
                  | your foes. [potion of mutation]
 80584 | Zot:5    | Gained mutation: You expend magic power (3 MP) to
                  | strengthen your wands. [potion of mutation]
 80585 | Zot:5    | Lost mutation: You have hidden genetic potential. [potion
                  | of mutation]
 80585 | Zot:5    | Lost mutation: You occasionally lose the ability to read
                  | scrolls when taking damage. [potion of mutation]
 80585 | Zot:5    | Gained mutation: Your system is resistant to poisons.
                  | (rPois) [potion of mutation]
 80585 | Zot:5    | Gained mutation: You sometimes lose your temper in combat.
                  | [potion of mutation]
 80585 | Zot:5    | Gained mutation: You have a pair of small antennae on your
                  | head. [potion of mutation]
 80585 | Zot:5    | Gained mutation: You have sharp toenails. [potion of
                  | mutation]
 80954 | Zot:5    | Noticed an orb of fire
 80956 | Zot:5    | Noticed a dread lich
 80957 | Zot:5    | Noticed an orb of fire
 80965 | Zot:5    | Got the Orb of Zot
 80976 | Zot:5    | Noticed Doneodir the pandemonium lord
 80976 | Zot:5    | Noticed an ancient lich
 80981 | Zot:5    | Noticed a dread lich
 80985 | Zot:5    | Noticed an orb of fire
 80985 | Zot:5    | Gained mutation: You are weak. (Str -2) [an orb of fire]
 80988 | Zot:5    | Gained mutation: You are clumsy. (Dex -2) [an orb of fire]
 80993 | Zot:5    | Gained mutation: You are very frail. (-20% HP) [an orb of
                  | fire]
 80998 | Zot:5    | Killed an orb of fire
 81018 | Zot:4    | Lost mutation: You are partially covered in large bone
                  | plates. (SH +4) [potion of mutation]
 81018 | Zot:4    | Lost mutation: You are very frail. (-20% HP) [potion of
                  | mutation]
 81018 | Zot:4    | Lost mutation: You are clumsy. (Dex -2) [potion of
                  | mutation]
 81019 | Zot:4    | Lost mutation: You expend magic power (3 MP) to strengthen
                  | your wands. [potion of mutation]
 81019 | Zot:4    | Lost mutation: Your spells are a little easier to cast, but
                  | a little less powerful. [potion of mutation]
 81019 | Zot:4    | Lost mutation: Your magical capacity is low. (-10% MP)
                  | [potion of mutation]
 81019 | Zot:4    | Gained mutation: You passively map a small area around you.
                  | [potion of mutation]
 81020 | Zot:4    | Lost mutation: Armour fits poorly on your strangely shaped
                  | body. [potion of mutation]
 81020 | Zot:4    | Lost mutation: You are frail. (-10% HP) [potion of
                  | mutation]
 81020 | Zot:4    | Gained mutation: Your spells are a little harder to cast,
                  | but a little more powerful. [potion of mutation]
 81021 | Zot:4    | Lost mutation: You passively map a small area around you.
                  | [potion of mutation]
 81021 | Zot:4    | Lost mutation: You sometimes lose your temper in combat.
                  | [potion of mutation]
 81021 | Zot:4    | Lost mutation: You are weak. (Str -2) [potion of mutation]
 81021 | Zot:4    | Gained mutation: You have hidden genetic defects. [potion
                  | of mutation]
 81021 | Zot:4    | Lost mutation: You have hidden genetic defects. [potion of
                  | mutation]
 81130 | Zot:3    | Noticed Fiuser the pandemonium lord
 81434 | D:10     | Gained mutation: You have hidden genetic defects. [a
                  | cacodemon]
 81510 | D:5      | Gained mutation: You occasionally lose the ability to read
                  | scrolls when taking damage. [a cacodemon]
 81627 | D:1      | Lost mutation: You occasionally lose the ability to read
                  | scrolls when taking damage. [potion of mutation]
 81627 | D:1      | Lost mutation: You have a pair of small antennae on your
                  | head. [potion of mutation]
 81627 | D:1      | Gained mutation: You have a pair of small horns on your
                  | head. [potion of mutation]
 81627 | D:1      | Gained mutation: Your flesh is cold resistant. (rC+)
                  | [potion of mutation]
 81628 | D:1      | Lost mutation: You have hidden genetic defects. [potion of
                  | mutation]
 81628 | D:1      | Lost mutation: Your system is resistant to poisons. (rPois)
                  | [potion of mutation]
 81628 | D:1      | Lost mutation: You have sharp toenails. [potion of
                  | mutation]
 81628 | D:1      | Gained mutation: Your muscles are strong. (Str +4, Int/Dex
                  | -1) [potion of mutation]
 81628 | D:1      | Gained mutation: You have a pair of horns on your head.
                  | [potion of mutation]
 81630 | D:$      | Escaped with the Orb!

Illustrated notes

Levels and vault maps discovered:
D:1:      roderic_crop_circles_arrival_small, layout_basic
D:2:      cheibrodos_pilgrimage, layout_basic,
          dreamdust_ecumenical_altar_drowned_temple, amethyst_killhole,
          minivault_14, eino_tiny_chamber
D:3:      layout_rooms, uniq_robin, uniq_ijyb, uniq_jessica, uniq_terence
D:4:      layout_loops_ring, uniq_blork_the_orc
D:5:      layout_basic, temple_green, minmay_misc_feat_columns,
          skrybe_limestone_x
D:6:      layout_loops_ring, mainiacjoe_overflow_24_doors, gammafunk_ghost_grave
D:7:      lemuel_slime, layout_loops_ring, kennysheep_mini_moat,
          grunt_temple_overflow_open, ebering_ghost_reflecting_pool,
          uniq_prince_ribbit1
D:8:      layout_basic, grunt_temple_overflow_lords_of_destruction,
          enter_bailey_2, serial_shops, nicolae_shop_peninsula,
          gammafunk_ghost_gnarly_gnolls
D:9:      layout_loops_cross, mainiacjoe_overflow_alcove_4, zin_treasury,
          hangedman_abyss_or_decor_lesser_grid
D:10:     layout_cave_pods, david_lair_generic
D:11:     cheibrodos_histonic, layout_basic, david_orc_2, serial_shops,
          freezing_bzr, chequers_serial_rivers_micro_c,
          nicolae_straight_to_the_point
D:12:     layout_loops_corners, tgw_fedhas
D:13:     layout_roguey, uniq_rupert, uniq_snorg, uniq_josephine
D:14:     layout_basic, grunt_vaults_entry_fortified, bloody_makhleb
D:15:     grunt_enter_depths_hoard, layout_long_grid, nicolae_uskayaw_en_pointe,
          uniq_jorgrun, uniq_kirke
Temple:   dpeg_chambers_temple
Lair:1:   layout_roguey, beast_lair_carwin_9
Lair:2:   layout_regular_city, minmay_shoals_entry_hut,
          nicolae_volcano_entry_vermiform, infiniplex_staircase_pool,
          serial_bayou_shore_a, grunt_megastairs_4
Lair:3:   layout_chaotic_city, nicolae_snake_entry_warm_welcome, minivault_26
Lair:4:   layout_cave_pods, minivault_19
Lair:5:   gammafunk_lair_ancient_temple, layout_long_grid,
          dpeg_slime_entry_enclosed
Shoals:1: layout_shoals, nicolae_specific_store, uniq_mlioglotl
Shoals:2: layout_shoals, serial_shops, bzr_in_the_mist,
          nicolae_shoals_lost_giant_pillars
Shoals:3: layout_shoals, serial_shops, nicolae_shop_trees, uniq_polyphemus
Shoals:4: shoals_end_hangedman, layout_shoals, uniq_bai_suzhen
Snake:1:  nicolae_snake_shooting_gallery, layout_honeycomb,
          nrook_guardian_serpent_double, serial_bayou_shore_b, uniq_agnes
Snake:2:  layout_cave_pods, uniq_nikola, uniq_aizul
Snake:3:  layout_misc_corridors, portal_ice_cave_entry_dragon,
          nicolae_snake_dead_anacondas, uniq_louise
Snake:4:  snake_pit_salamanders_mu, layout_chambers, basic_altar
Orc:1:    layout_caves, serial_shops, nicolae_shop_tiny_real_fake_doors,
          einodemon_armed_red_devil_minivault
Orc:2:    hellmonk_orc_salted, layout_caves, serial_shops, shop
Elf:1:    elf_arrival_002, layout_geoelf_grid, hangedman_elf_represent
Elf:2:    nicolae_elf_blades_crystal_corner, layout_onion_city, evilmike_ambush
          [evilmike_ambush_outer_pillars, evilmike_ambush_inner_basic]
Elf:3:    minmay_elf_hall_statues, layout_geoelf_diagonals
Vaults:1: nicolae_vaults_little_squares_5, hangedman_vaults_locks,
          ontoclasm_vaults_ring_large, hangedman_vaults_cutoff,
          nicolae_vaults_six-pack, nicolae_vaults_whirlpool_walls,
          ontoclasm_vaults_eye, nicolae_vaults_swerve, nicolae_vaults_asterisk,
          nicolae_vaults_border_crossing, nicolae_vaults_heart-shaped_vault,
          nicolae_vaults_storage_room_statues, v_misc_19, layout_vaults_ring,
          serial_shops, nicolae_shop_tiny_glass
Vaults:2: v_misc_25, minmay_crypt_entry_simple_plaza, ontoclasm_vaults_shuriken,
          nicolae_vaults_tetromino_T_2, v_misc_19, nicolae_vaults_theta,
          grunt_vaults_diagonal, dpeg_vaults_monster_box,
          nicolae_vaults_tangram_2, hangedman_vaults_variations,
          nicolae_vaults_trapezoid_lopsided_4, nicolae_vaults_yaktaur_gun_rack,
          nicolae_vaults_surprise_closet, layout_vaults_maze_snakey,
          nicolae_trove_entry_columns, uniq_mara
Vaults:3: nicolae_vaults_network_quinsquares
          [nicolae_vaults_network_quincunx_subvault,
          nicolae_vaults_network_quincunx_subvault,
          nicolae_vaults_network_quincunx_subvault,
          nicolae_vaults_network_quincunx_subvault], nicolae_vaults_trapezoid_3,
          hangedman_vaults_impose, v_rooms_3, st_spiral_rooms,
          grunt_vaults_focal, vaults_dpeg_ring, layout_vaults_omnigrid,
          uniq_asterion, uniq_sojobo
Vaults:4: vaults_room_semicircle, st_eye, vaults_room_pool, v_pattern_2,
          v_rooms_6, nicolae_vaults_closet_pinwheel_6, vaults_room_semicircle,
          nicolae_vaults_storage_closets_1, v_misc_27, vaults_room_door_ring,
          nicolae_vaults_tetromino_Z_1, vaults_room_grid, layout_vaults_omnibox
Vaults:5
Crypt:1:  layout_gridlike
Crypt:2:  ragdoll_tomb_raider, layout_rooms, serial_glass, glass_columns_a,
          glass_columns_a
Crypt:3:  quadcrypt_mu
Depths:1: layout_roguey, lightli_too_deep, minmay_misc_feat_room,
          chequers_serial_rivers_micro_c, minivault_16,
          nicolae_shop_firing_range, kennysheep_random_hallway,
          minmay_shop_grove
Depths:2: minmay_ornate_pinched, layout_cave_pools, hell_entry,
          grunt_pan_entry_spiral, chequers_big_river, nicolae_diode_basic
Depths:3: minmay_strange_plus, layout_basic, enter_ziggurat_d,
          nzn_hepliaklqana_mist_gate, hell_entry, serial_shops, shop,
          abyss_entry, hex_large, yredelemnul_altar_generic, uniq_boris
Depths:4: grunt_twist_and_shout, layout_basic,
          hangedman_abyss_or_decor_jellyfish_corner, pf_dread_powers_of_hell
Hell
Zot:1:    layout_cathedral_of_symmetry, zot_minivault_1, grunt_megastairs_1
Zot:2:    layout_concentric_octagons, skrybe_zot_glass_2, ebering_ghost_xom
Zot:3:    layout_twisted_circle, regret_index_zot_stipple_split
Zot:4:    layout_gridlike, grunt_ministairs_1, uniq_tiamat, uniq_parghit,
          uniq_josephina
Zot:5:    layout_basic

Skill      XL: |  1  2  3  4  5  6  7  8  9 10 11 12 13 14 15 16 17 18 19 20 21 22 23 24 25 26 27 |
---------------+----------------------------------------------------------------------------------+-----
Axes           | 3 4 5 6 8 9 11 13 14 15 16 17 18 19 20 21 22 23 24 25 26 | 26.6
Shields        | 4 5 6 7 8 9 10 12 13 14 15 16 17 18 19 20 21 23 | 23.0
Fighting       | 4 5 6 7 8 9 10 11 12 13 14 15 16 17 18 19 20 21 22 24 | 24.0
Armour         | 4 5 6 7 8 9 10 11 12 13 14 15 16 17 18 19 20 21 22 24 | 24.0
Evocations     | 1 2 3 4 5 6 7 10 11 12 14 | 14.7
Invocations    | 1 3 5 7 9 10 12 13 14 15 17 18 19 20 22 23 24 | 24.0
Dodging        | 1 3 4 5 6 7 8 9 10 | 10.3
Necromancy     | 1 4 5 6 8 9 10 | 10.0
Spellcasting   | 2 |  2.0

Action                     |  1- 3 |  4- 6 |  7- 9 | 10-12 | 13-15 | 16-18 | 19-21 | 22-24 | 25-27 || total
---------------------------+-------+-------+-------+-------+-------+-------+-------+-------+-------++-------
  Melee: War axe           |   104 |   119 |   236 |   379 |  1014 |   687 |       |       |       ||  2539
         Unarmed           |       |     7 |       |       |       |       |       |       |       ||     7
         Hand axe          |       |   114 |   143 |       |       |       |       |       |       ||   257
         Dagger            |       |       |       |     5 |       |       |       |       |       ||     5
         Whip              |       |       |       |    34 |    72 |       |       |       |   178 ||   284
         Broad axe         |       |       |       |       |   204 |   487 |   407 |  1497 |  1764 ||  4359
         Flail             |       |       |       |       |       |       |       |       |   116 ||   116
  Throw: Dart              |       |       |     1 |       |     5 |     2 |       |       |       ||     8
 Invoke: Recall Undead Har |       |       |     4 |     4 |    16 |    16 |     2 |    23 |    24 ||    89
         Light the Black T |       |       |     5 |     7 |     8 |     6 |     1 |    11 |     9 ||    47
         Bind Soul         |       |       |       |     1 |     3 |     2 |       |     1 |     6 ||    13
         Fathomless Shackl |       |       |       |       |     1 |     3 |     2 |     4 |     4 ||    14
         Hurl Torchlight   |       |       |       |       |       |       |       |       |     1 ||     1
  Evoke: Wand              |       |       |     1 |     6 |    11 |     1 |       |     4 |       ||    23
         Condenser vane    |       |       |       |       |     2 |       |       |       |     1 ||     3
         Lightning rod     |       |       |       |       |       |       |     2 |       |     1 ||     3
         Phial of floods   |       |       |       |       |       |       |       |     1 |     1 ||     2
         Horn of Geryon    |       |       |       |       |       |       |       |       |     1 ||     1
         Phantom mirror    |       |       |       |       |       |       |       |       |     1 ||     1
    Use: Scroll            |       |     5 |     8 |     8 |    19 |     6 |       |    11 |    21 ||    78
         Potion            |       |     1 |     6 |     3 |     8 |     8 |     3 |       |    26 ||    55
   Stab: Confused          |       |     2 |       |       |       |       |       |       |       ||     2
         Distracted        |       |       |     2 |     9 |    22 |    29 |    13 |    54 |    66 ||   195
         Invisible         |       |       |       |     2 |     6 |       |       |       |     4 ||    12
         Petrified         |       |       |       |       |     6 |    14 |       |       |       ||    20
         Paralysed         |       |       |       |       |       |       |       |    80 |    22 ||   102
 Armour: Scale mail        |    98 |   146 |       |       |       |       |       |       |       ||   244
         Skin              |       |     2 |       |       |       |       |       |       |       ||     2
         Chain mail        |       |    52 |   356 |   256 |       |       |       |       |       ||   664
         Plate armour      |       |       |       |    14 |   553 |       |       |       |       ||   567
         Storm dragon scal |       |       |       |       |   111 |   603 |   311 |   782 |  1085 ||  2892
         Gold dragon scale |       |       |       |       |       |       |       |       |   104 ||   104
  Dodge: Dodged            |    61 |   114 |   166 |   131 |   256 |   293 |   171 |   333 |   595 ||  2120
  Block: Buckler           |    26 |    54 |   134 |   105 |   126 |       |       |       |       ||   445
         Tower shield      |       |       |       |       |   628 |  1176 |   531 |  1225 |  1968 ||  5528

Table legend: (Time is in decaauts)
 A = Elapsed time spent in this place.
 B = Non-inter-level travel time spent in this place.
 C = Inter-level travel time spent in this place.
 D = Time resting spent in this place.
 E = Time spent auto-exploring this place.
 F = Levels seen in this place.
 G = Mean time per level.
                   A        B        C        D        E       F      G
               +--------+--------+--------+--------+--------+-----+--------+
         Total |  80935 |  72837 |   8098 |  13746 |  34084 |  54 | 1498.8 |
       Dungeon |  21590 |  18753 |   2837 |   2795 |  10041 |  15 | 1439.3 |
        Temple |     54 |      6 |     48 |      0 |      0 |   1 |   54.0 |
          Lair |   7668 |   6421 |   1247 |    656 |   3272 |   5 | 1533.6 |
        Shoals |   4461 |   3990 |    471 |    166 |   1869 |   4 | 1115.2 |
     Snake Pit |   8576 |   8234 |    342 |   2679 |   3424 |   4 | 2144.0 |
  Orcish Mines |   3451 |   2960 |    491 |    834 |    908 |   2 | 1725.5 |
   Elven Halls |   4918 |   4472 |    446 |    904 |   1934 |   3 | 1639.3 |
        Vaults |   9189 |   8168 |   1021 |    618 |   4567 |   5 | 1837.8 |
         Crypt |   4325 |   4198 |    127 |   1248 |   1411 |   3 | 1441.7 |
        Depths |   6706 |   6056 |    650 |   1602 |   2795 |   4 | 1676.5 |
          Hell |    639 |    627 |     12 |      0 |    255 |   1 |  639.0 |
           Zot |   9249 |   8849 |    400 |   2243 |   3605 |   5 | 1849.8 |
        Bazaar |     23 |     23 |      0 |      0 |      0 |   1 |   23.0 |
        Bailey |     80 |     80 |      0 |      0 |      0 |   1 |   80.0 |
               +--------+--------+--------+--------+--------+-----+--------+

Top non-repeatable levels by time:
 Snake:4: 3443 daAuts
   Zot:1: 2512 daAuts
 Snake:1: 2367 daAuts
Depths:1: 2362 daAuts
   Elf:3: 2185 daAuts
Vaults:3: 2156 daAuts
    D:11: 2089 daAuts
Vaults:1: 2052 daAuts
  Lair:1: 1975 daAuts
     D:8: 1955 daAuts
   Zot:5: 1941 daAuts
   Orc:2: 1930 daAuts
     D:7: 1927 daAuts
    D:14: 1906 daAuts
   Zot:2: 1861 daAuts
